 Dungeon Crawl Stone Soup version 0.22.0-16-gc6d26f6 (webtiles) character file.

123 letownia2 the Insei (level 4, -5/34 HPs)
             Began as a Demonspawn Transmuter on Aug 17, 2018.
             Slain by an iguana (10 damage)
             ... on level 4 of the Dungeon.
             The game lasted 00:06:51 (1143 turns).

letownia2 the Insei (Demonspawn Transmuter)         Turns: 1143, Time: 00:06:52

Health: -5/34      AC:  6    Str: 11    XL:     4   Next: 79%
Magic:  7/7        EV:  9    Int: 14    God:
Gold:   96         SH:  0    Dex: 14    Spells: 4/7 levels left

rFire    . . .     SeeInvis .     - Unarmed
rCold    + . .     Gourm    .   (no shield)
rNeg     . . .     Faith    .   m - +0 scale mail {rPois}
rPois    +         Spirit   .   (no helmet)
rElec    .         Reflect  .   (no cloak)
rCorr    .         Harm     .   (no gloves)
MR       .....                  (no boots)
Stlth    ..........             (no amulet)
HPRegen  0.11/turn              (no ring)
MPRegen  0.10/turn              (no ring)

@: no status effects
A: cold resistance 1, powered by pain 1
a: no special abilities


You were on level 4 of the Dungeon.
You were hungry.

You visited 1 branch of the dungeon, and saw 5 of its levels.

You collected 96 gold pieces.

Inventory:

Hand Weapons
 s - a +1 antimagic war axe
 t - a +0 blowgun
Missiles
 a - 12 arrows
 n - 39 poisoned needles
Armour
 f - a +0 ring mail
 j - a +2 shield
 m - a +0 scale mail of poison resistance (worn)
Scrolls
 b - 3 scrolls of identify {unknown}
 c - 2 scrolls of teleportation {unknown}
 e - 3 scrolls of remove curse {unknown}
 h - a scroll of fog {unknown}
 l - 2 scrolls of noise {unknown}
 o - a scroll of enchant weapon {unknown}
 q - a scroll of fear {unknown}
Potions
 g - a potion of flight
 i - a potion of heal wounds {unknown}
 k - a potion of curing
 p - a potion of invisibility {unknown}
 r - a potion of berserk rage {unknown}
Comestibles
 d - 4 rations


   Skills:
 - Level 2.4 Fighting
 + Level 1.7 Armour
 - Level 1.7 Dodging
 + Level 4.0 Unarmed Combat
 - Level 2.0 Spellcasting
 - Level 1.7 Transmutations


You had 4 spell levels left.
You knew the following spells:

 Your Spells              Type           Power        Failure   Level  Hunger
a - Beastly Appendage     Tmut           #.....       56%         1    ##.....
l - Sticks to Snakes      Tmut           #.......     71%         2    ###....

Your spell library contained the following spells:

 Spells                   Type           Power        Failure   Level  Hunger
 Spider Form              Tmut/Pois      #.........   96%         3    ####...
 Blade Hands              Tmut           #.........   100%        5    ######.
 Ice Form                 Ice/Tmut       #.......     100%        4    #####..


Dungeon Overview and Level Annotations

Branches:
Dungeon (5/15)
 Temple: D:4-7

Altars:
Wu Jian
Zin


Innate Abilities, Weirdness & Mutations

Your flesh is cold resistant. (rC+)
You sometimes gain a little power by taking damage.


Message History

b - Sticks to Snakes Adjust to which letter? l - Sticks to Snakes
Found a stone staircase leading down.
An iguana comes into view.
The iguana hisses angrily.
The iguana moves out of view.
Found 7 gold pieces and a long sword.
The iguana bites you.
There is a stone staircase leading down here.
You hit the iguana but do no damage. You hit the iguana but do no damage.
The iguana bites you.
You hit the iguana.
The iguana is moderately wounded.
The iguana bites you!
* * * LOW HITPOINT WARNING * * *
You closely miss the iguana.
The iguana is moderately wounded.
The iguana bites you!
You die...

####+#.#.#######.####
#......# #<>..#.# #
#...)..# ##..#.#.####
####......# #..........#
..........# ###..##.##.#
..........#.#.......# #
............#..........#
..$.....l###############
.......@................
########################


You could see an iguana.

Vanquished Creatures
  A hound (D:4)
  3 adders
  2 worms (D:2)
  3 dart slugs (D:1)
  4 leopard geckos
  An orc (D:3)
  7 bats
  2 giant cockroaches
  2 goblins (D:3)
  8 hobgoblins
  A ball python (D:1)
  4 frilled lizards
  6 kobolds
  6 rats
50 creatures vanquished.

Notes
Turn   | Place    | Note
-------+----------+-------------------------------------------
     0 | D:1      | letownia2 the Demonspawn Transmuter began the quest for the Orb.
     0 | D:1      | Reached XP level 1. HP: 15/15 MP: 3/3
    64 | D:1      | Reached skill level 3 in Unarmed Combat
    66 | D:1      | Gained mutation: Your flesh is cold resistant. (rC+) [demonic ancestry]
    66 | D:1      | Reached XP level 2. HP: 14/21 MP: 3/5
   290 | D:1      | Reached XP level 3. HP: 15/27 MP: 3/6
   368 | D:3      | Found an ornate altar of the Wu Jian Council.
   441 | D:2      | Found a glowing silver altar of Zin.
   556 | D:2      | Gained mutation: You sometimes gain a little power by taking damage. [demonic ancestry]
   556 | D:2      | Reached XP level 4. HP: 14/34 MP: 7/7
   652 | D:2      | Reached skill level 1 in Armour
   830 | D:4      | Reached skill level 4 in Unarmed Combat
   977 | D:5      | Entered Level 5 of the Dungeon
   987 | D:4      | Noticed a hippogriff
  1103 | D:4      | Learned a level 2 spell: Sticks to Snakes
  1143 | D:4      | Slain by an iguana

Skill      XL: |  1  2  3  4 |
---------------+-------------+-----
Unarmed Combat | 3 4 |  4.0
Fighting       | 2 |  2.4
Armour         | 1 |  1.7
Dodging        | |  1.7
Spellcasting   | |  2.0
Transmutations | |  1.7

Action                   |  1- 3 |  4- 6 || total
-------------------------+-------+-------++-------
Melee: Unarmed           |   135 |    63 ||   198
       Kick              |    12 |     3 ||    15
       Headbutt          |     6 |     1 ||     7
       Punch             |     2 |     1 ||     3
 Cast: Beastly Appendage |    14 |     3 ||    17
  Use: Potion            |       |     3 ||     3
 Stab: Sleeping          |     1 |       ||     1
  Eat: Chunk             |       |     1 ||     1
Armor: Robe              |     7 |       ||     7
       Ring mail         |    14 |       ||    14
       Scale mail        |    32 |    49 ||    81
Dodge: Dodged            |    56 |    36 ||    92
